cohdb
Replays
Latest Replays
All Replays
Popular Replays
Top Player Replays
Match Explorer
How It Works
Community
CoH3 Stats
Reddit
Sign in to upload your games and track your stats! →
Sign in with Steam
Match 47333257
Unlisted
Match 47333257
Overview
Messages
Build Orders
End
250 Light Carrier
Selects Panzerjäger Kommand Battlegroup
Selects Mine Fields
Panzerpioneer Squad
250 Light Carrier
Construct Light Support Kompanie
Combat Half-tracks
250 Light Carrier
Selects GrB 39 Grenade Launcher Requisition
250 Light Carrier
Construct Mechanized Kompanie
Panzerjäger Mechanized Group
Support Armor Elements
Emergency Repair Kits
Selects Crew Shock Tactics
Vehicle Survival Package
250 Light Carrier
Rapid Advance
Construct Panzerarmee Kommand
Panzerjäger Mechanized Group
250 Light Carrier
250 Light Carrier
Armored Reserves
Tiger Heavy Tank
Advanced Optics
250 Light Carrier
Selects Elefant Tank Destroyer
Elefant Tank Destroyer
250 Light Carrier
Selects Early Warning
Selects Butterfly Bomb Drop
Butterfly Bomb Drop
Butterfly Bomb Drop
Tiger Heavy Tank
18-tonne Recovery Half-track
Butterfly Bomb Drop
Butterfly Bomb Drop
Crew Shock Tactics
250 Light Carrier
Butterfly Bomb Drop
Tiger Heavy Tank
Butterfly Bomb Drop
Panzerjäger Squad
250 Light Carrier
Butterfly Bomb Drop
Volve
Hand Banana
Unsafe
FortySe7en
Nickiepoo
TEEEEEEEEPO
>>>---[APACHON]--->
TURBOMAN
0
0
Comments
sign in to comment!
No comments posted yet!